 Dungeon Crawl Stone Soup version 0.23-a0-677-g07611c5 (webtiles) character file.

18 Amnesiac the Insei (level 2, 0/18 HPs)
             Began as an Octopode Transmuter on Jan 9, 2019.
             Slain by Sigmund
             ... wielding a +0 scythe
              (10 damage)
             ... on level 3 of the Dungeon.
             The game lasted 00:01:11 (803 turns).

Amnesiac the Insei (Octopode Transmuter)             Turns: 803, Time: 00:01:12

Health: 0/18       AC:  1    Str:  9    XL:     2   Next: 66%
Magic:  5/5        EV: 13    Int: 15    God:
Gold:   30         SH:  0    Dex: 12    Spells: 4/5 levels left

rFire    . . .     SeeInvis .     - Unarmed
rCold    . . .     Gourm    .   (no shield)
rNeg     . . .     Faith    .   (helmet restricted)
rPois    .         Spirit   .   (no amulet)
rElec    .         Reflect  .   (no ring)
rCorr    .         Harm     .   (no ring)
MR       .....                  (no ring)
Stlth    ++........             (no ring)
HPRegen  0.06/turn              (no ring)
MPRegen  0.09/turn              (no ring)
                                (no ring)
                                (no ring)

@: no status effects
A: almost no armour, stealthy swim, amphibious, 8 rings, constrict 8, camouflage
1, gelatinous body 1
a: no special abilities


You were on level 3 of the Dungeon.
You were not hungry.

You visited 1 branch of the dungeon, and saw 3 of its levels.

You collected 30 gold pieces.

Inventory:

Missiles
 a - 12 arrows
Scrolls
 d - a scroll of remove curse {!r, unknown}
 g - a scroll of identify {!r, unknown}
 h - a scroll of fog {!r, unknown}
Potions
 b - a potion of heal wounds {!q, unknown}
 e - a potion of curing {!q, unknown}
Comestibles
 c - a ration
 f - 4 chunks of flesh


   Skills:
 + Level 1.6 Fighting
 - Level 2.0 Dodging
 - Level 3.0 Unarmed Combat
 - Level 2.0 Spellcasting
 * Level 2.8 Transmutations


You had 4 spell levels left.
You knew the following spells:

 Your Spells              Type           Power        Failure   Level  Hunger
a - Beastly Appendage     Tmut           ##....       7%          1    #......

Your spell library contained the following spells:

 Spells                   Type           Power        Failure   Level  Hunger
 Sticks to Snakes         Tmut           ##......     11%         2    ###....
 Spider Form              Tmut/Pois      #.........   36%         3    ###....
 Ice Form                 Ice/Tmut       #.......     77%         4    #####..
 Blade Hands              Tmut           ##........   88%         5    ######.


Dungeon Overview and Level Annotations

Branches:
Dungeon (3/15)

Altars:
Wu Jian

Annotations:
D:3 Sigmund


Innate Abilities, Weirdness & Mutations

You cannot wear most types of armour.
You are very stealthy in the water. (Stealth+)
You are amphibious.
You can wear up to eight rings at the same time.
You can use your tentacles to constrict eight enemies at once.
Your skin changes colour to match your surroundings (Stealth+).
Your rubbery body absorbs attacks. (AC +1, EV +1)


Message History

No target in view!
You butcher the bat corpse.
f - 4 chunks of flesh (gained 1)
You see here a bat skeleton. x2
As you open the door, it creaks loudly!
You hear a shout!
A goblin comes into view.
Found a scroll labeled SYNTUDD ZODESHUGG.
A goblin is nearby!
A goblin is nearby!
You closely miss the goblin. The goblin hits you.
You tentacle-slap the goblin. You grab the goblin.
The goblin is severely wounded.
You constrict the goblin.
You kill the goblin!
No target in view!
No target in view!
There is an open door here.
A worm comes into view.
h - a scroll labeled SYNTUDD ZODESHUGG {!r}
There is an open door here.
An adder comes into view.
Found 9 gold pieces.
An adder is nearby!
You open the door.
A jackal comes into view.
Found an ornate altar of the Wu Jian Council.
There is an open door here.
The jackal barely misses you.
You barely miss the jackal. You grab the jackal. You squeeze the jackal.
You kill the jackal!
No target in view!
No target in view!
You stumble into a teleport trap!
You are suddenly yanked towards some nearby monsters!
Your surroundings suddenly seem different.
A jackal comes into view. x2
Found a scroll labeled WUTOUG JEZI.
Found a stone staircase leading down.
An adder comes into view.
There is a stone staircase leading down here.
The jackal barks! x2; You hear a bark!
You climb downwards.
Sigmund the Dreaded comes into view.
He is wielding a +0 scythe.
Sigmund shouts!
Found 16 gold pieces.
There is a stone staircase leading up here.
Casting: Beastly Appendage (safe; 7% risk of failure)
Confirm with . or Enter, or press ? or * to list all spells.
You don't know that spell.
Sigmund gestures wildly while chanting.
Sigmund flickers and vanishes!
Deactivating autopickup; reactivate with Ctrl-A.
A kobold comes into view. It is wielding a +0 short sword.
You are confused.
You bump into the rock wall.
You bump into the rock wall.
You bump into the rock wall.
You bump into the rock wall.
Something barely misses you.
You hear some strange, mumbled words.
A magic dart appears from out of thin air!
The magic dart hits you!
You feel less confused. Something hits you!
Ouch! That really hurt!
You die...

.. #.# #. . #. #.#
.#.# #.K #.#
....####... #.#
#.#..#... #.#
#.##.#.## #.#
#.#.....# #.#
###....#..#
##@####....#..#.##
#.......#..##.#..#
#.....#######.##....#
#..#...# #.###...##
#.. ###.# #.# #.....
.. #.# ... ##.... .
#.. ... #<... #.# ...
#...# #. ##.##


There were no monsters in sight!

Vanquished Creatures
  5 goblins
  3 hobgoblins (D:1)
  A jackal (D:2)
  A ball python (D:1)
  5 bats
  A frilled lizard (D:1)
16 creatures vanquished.

Vanquished Creatures (others)
  A kobold (D:1)
1 creature vanquished.

Grand Total: 17 creatures vanquished

Notes
Turn   | Place    | Note
-------+----------+-------------------------------------------
     0 | D:1      | Amnesiac the Octopode Transmuter began the quest for the
                  | Orb.
     0 | D:1      | Reached XP level 1. HP: 13/13 MP: 3/3
   246 | D:1      | Reached XP level 2. HP: 8/18 MP: 5/5
   764 | D:2      | Found an ornate altar of the Wu Jian Council.
   781 | D:3      | Noticed Sigmund
   803 | D:3      | Slain by Sigmund

Vault maps used:
D:1:      minmay_arrival_wavy_path, lemuel_old_faithful
D:2:      nicolae_overflow_crystal_walls, hangedman_abyss_or_decor_lesser_grid
D:3:      nicolae_qazlal_general_emergency, overflow_temple_1_default,
          kennysheep_generic_room_3, uniq_grinder, uniq_sigmund

Action                   || total
-------------------------++-------
Melee: Unarmed           ||    34
       Constrict         ||    13
       Tentacles         ||     3
 Stab: Sleeping          ||     3
Armor: Skin              ||     4
Dodge: Dodged            ||    22

Table legend:
 A = Non-vault XP
 B = Vault XP
 C = Vault XP percentage of total XP
 D = Non-vault monster count
 E = Vault monster count
 F = Vault count percentage of total count
                 A         B        C        D         E       F
            +---------+---------+-------+---------+---------+-------
      Total |      26 |       0 |   0.0 |      16 |       0 |   0.0
            +---------+---------+-------+---------+---------+-------
        D:1 |      20 |       0 |   0.0 |      13 |       0 |   0.0
        D:2 |       6 |       0 |   0.0 |       3 |       0 |   0.0
            +---------+---------+-------+---------+---------+-------
